 Dungeon Crawl Stone Soup version 0.22-a0-521-gb1378044ac (webtiles) character file.

54 HeroTen the Sneak (level 3, -1/30 HPs)
             Began as a Draconian Assassin on June 20, 2018.
             Slain by Sigmund
             ... wielding a +0 scythe
              (9 damage)
             ... on level 2 of the Dungeon.
             The game lasted 00:04:12 (1347 turns).

HeroTen the Sneak (Draconian Assassin)              Turns: 1347, Time: 00:04:13

Health: -1/30      AC:  7    Str: 13    XL:     3   Next: 66%
Magic:  3/3        EV: 12    Int: 11    God:
Gold:   102        SH:  0    Dex: 13    Spells: 2/2 levels left

rFire    . . .     SeeInvis .   g - +0 spear
rCold    . . .     Gourm    .   (no shield)
rNeg     . . .     Faith    .   (armour unavailable)
rPois    .         Spirit   .   (helmet restricted)
rElec    .         Reflect  .   c - +1 cloak
rCorr    .         Harm     .   (no gloves)
MR       .....                  (no boots)
Stlth    +++.......             (no amulet)
HPRegen  0.10/turn              (no ring)
MPRegen  0.08/turn              (no ring)

@: no status effects
A: unfitting armour, cold-blooded, AC +5
a: no special abilities


You were on level 2 of the Dungeon.
You were very hungry.

You visited 1 branch of the dungeon, and saw 2 of its levels.

You collected 102 gold pieces.

Inventory:

Hand Weapons
 a - a +2 dagger
 b - a +0 blowgun
 g - a +0 spear (weapon)
 i - a cursed +0 mace
 j - a +2 mace of protection
Missiles
 d - 8 poisoned needles
 e - 2 curare-tipped needles
Armour
 c - a +1 cloak (worn)
Scrolls
 h - 2 scrolls of teleportation
Potions
 k - a potion of brilliance {unknown}
 l - a potion of degeneration {unknown}
Comestibles
 f - 2 rations


   Skills:
 + Level 2.4 Fighting
 + Level 2.0 Short Blades
 + Level 1.3 Polearms
 + Level 1.8 Throwing
 + Level 1.4 Dodging
 + Level 4.3 Stealth


You had 2 spell levels left.
You didn't know any spells.
Your spell library was empty.

Dungeon Overview and Level Annotations

Branches:
Dungeon (2/15)

Altars:

Annotations:
D:2 Sigmund


Innate Abilities, Weirdness & Mutations

Your plain brown scales are hard. (AC +5)
You cannot fit into any form of body armour.
You are cold-blooded and may be slowed by cold attacks.


Message History

You closely miss Sigmund. You hit Sigmund.
Sigmund is lightly wounded.
Sigmund barely misses you.
You hit Sigmund.
Sigmund is lightly wounded.
Sigmund gestures wildly while chanting.
Sigmund flickers and vanishes!
Deactivating autopickup; reactivate with Ctrl-A.
You hit something. Something hits you but does no damage.
You barely miss something. Something hits you but does no damage.
You hit something. You barely miss something. Something hits you.
* * * LOW HITPOINT WARNING * * *
Something hits you.
* * * LOW HITPOINT WARNING * * *
You see here a glowing hunting sling.
Something tries to affect you, but you resist.
Something hits you!
You die...

#.# #.#
#.# #.#
#.# #.#
#.# #.#
#.# #.#
#.# #.#
#{# #.#
#.# #.#
##.###@#
#......#
########


There were no monsters in sight!

Vanquished Creatures
  Jessica (D:2)
  An adder (D:2)
  An ooze (D:1)
  A leopard gecko (D:2)
  A goblin (D:1)
  3 kobolds (D:1)
  5 bats (D:1)
  2 frilled lizards
  3 rats
18 creatures vanquished.

Notes
Turn   | Place    | Note
-------+----------+-------------------------------------------
     0 | D:1      | HeroTen the Draconian Assassin began the quest for the Orb.
     0 | D:1      | Reached XP level 1. HP: 17/17 MP: 1/1
    61 | D:1      | Reached skill level 4 in Stealth
   151 | D:1      | Reached skill level 1 in Dodging
   174 | D:1      | Reached XP level 2. HP: 22/24 MP: 2/2
  1221 | D:2      | Noticed Jessica
  1235 | D:2      | Killed Jessica
  1235 | D:2      | Reached skill level 1 in Polearms
  1235 | D:2      | Reached XP level 3. HP: 15/30 MP: 3/3
  1320 | D:2      | Noticed Sigmund
  1347 | D:2      | Slain by Sigmund

Vault maps used:
D:1:      kennysheep_arrival_seaside, minmay_misc_feat_hallway
D:2:      uniq_terence, uniq_crazy_yiuf_cottage, uniq_sigmund, uniq_jessica

Skill      XL: |  1  2 |
---------------+-------+-----
Stealth        | 4 |  4.3
Dodging        | 1 |  1.4
Polearms       | 1 |  1.3
Fighting       | |  2.4
Short Blades   | |  2.0
Throwing       | |  1.8

Action                   || total
-------------------------++-------
Melee: Spear             ||    91
       Dagger            ||     7
       Tailslap          ||     7
  Use: Scroll            ||     4
       Potion            ||     1
 Stab: Sleeping          ||     1
Armor: Skin              ||    44
Dodge: Dodged            ||    58

Table legend:
 A = Spawn XP
 B = Non-spawn XP
 C = Spawn XP percentage of total XP
 D = Spawn monster count
 E = Non-spawn monster count
 F = Spawn count percentage of total count
 G = Total turns spent on level
                    A         B        C        D         E        F      G
               +---------+---------+-------+---------+---------+-------+---------
         Total |       0 |      78 |   0.0 |       0 |      18 |   0.0 |  1347
               +---------+---------+-------+---------+---------+-------+---------
           D:1 |       0 |      23 |   0.0 |       0 |      13 |   0.0 |   675
           D:2 |       0 |      55 |   0.0 |       0 |       5 |   0.0 |   672
               +---------+---------+-------+---------+---------+-------+---------
